 Dungeon Crawl Stone Soup version 0.29.0-4-gdea44cf6ec (webtiles) character file.

Game seed: 12546073023841177185

90 qw the Chopper (level 4, -11/26 HPs)
             Began as a Tengu Warper on Aug 28, 2022.
             Mangled by Terence
             ... wielding a +0 hand axe of electrocution
              (15 damage)
             ... on level 2 of the Dungeon.
             The game lasted 00:00:12 (1942 turns).

qw the Chopper (Tengu Warper)                       Turns: 1942, Time: 00:00:12

Health: -11/26     AC:  3    Str: 13    XL:     4   Next: 56%
Magic:  8/8        EV: 12    Int: 14    God:
Gold:   142        SH:  0    Dex: 13    Spells: 7/7 levels left

rFire   . . .      SeeInvis +   Y - +0 hand axe
rCold   . . .      Faith    .   (no shield)
rNeg    . . .      Spirit   .   b - +0 leather armour
rPois   .          Reflect  .   (helmet restricted)
rElec   .          Harm     .   (no cloak)
rCorr   .          Rampage  .   (no gloves)
Will    .....                   (boots unavailable)
Stlth   +.........              (no amulet)
HPRegen 0.08/turn               h - ring of see invisible
MPRegen 0.11/turn               (no ring)

@: no status effects
A: beak, talons 3
a: no special abilities


You were on level 2 of the Dungeon.
You visited 1 branch of the dungeon, and saw 2 of its levels.

You collected 142 gold pieces.


Innate Abilities, Weirdness & Mutations

You have a beak for a mouth.
You have claws for feet.


   Skills:
 - Level 2.0 Fighting
 + Level 5.1 Axes
 - Level 1.0 Throwing
 - Level 1.1 Armour
 - Level 2.1 Dodging
 - Level 2.0 Spellcasting
 - Level 2.4 Translocations


You had 7 spell levels left.
You didn't know any spells.
Your spell library contained the following spells:

 Spells                   Type           Power      Damage    Failure   Level
 Blink                    Tloc           16%        N/A       17%         2
 Gell's Gravitas          Tloc           8%         N/A       34%         3
 Lesser Beckoning         Tloc           8%         N/A       34%         3
 Teleport Other           Tloc           8%         N/A       34%         3
 Manifold Assault         Tloc           8%         N/A       97%         5

Inventory:

Hand Weapons
 d - a +0 whip
 Y - a +0 hand axe (weapon)
Armour
 b - a +0 leather armour (worn)
Jewellery
 h - a ring of see invisible (left hand)
Scrolls
 a - a scroll of amnesia {unknown}
Potions
 e - a potion of heal wounds {unknown}
 f - 2 potions of curing
 g - a potion of berserk rage {unknown}

Dungeon Overview and Level Annotations

Branches:
Dungeon (2/15)

Altars:

Annotations:
D:2 1 runed translucent door, Crazy Yiuf, Terence


Message History

The bat misses you. The bat barely misses you.
You barely miss the bat. You claw the bat.
You kill the bat!
You start resting.
HP restored.
You now have 142 gold pieces (gained 11).
Terence the Incautious comes into view.
He is wielding a +0 hand axe of electrocution and wearing a +2 chain mail of cold resistance.
Terence shouts!
You hear an angry hiss.
Enter note:
Enter note:
Enter note:
Enter note:
Enter note: You hit Terence but do no damage.
Terence hits you with a +0 hand axe of electrocution!
You hit Terence but do no damage.
A bat comes into view.
A frilled lizard comes into view.
Terence hits you with a +0 hand axe of electrocution.
The bat moves out of view.
You hit Terence. You claw Terence. You peck Terence, but do no damage.
Terence is moderately wounded.
Terence hits you with a +0 hand axe of electrocution.
You barely miss Terence. You claw Terence, but do no damage.
Your peck misses Terence.
Terence is moderately wounded.
The bat hits you but does no damage. Terence misses you.
You hit Terence but do no damage. You claw Terence, but do no damage.
Your peck misses Terence.
Terence is moderately wounded.
You hit the bat but do no damage. The bat hits you but does no damage.
Terence misses you.
You hit Terence but do no damage. You peck Terence, but do no damage.
Terence is moderately wounded.
The bat barely misses you.
Terence shouts, "Get ready for death!"
Terence hits you with a +0 hand axe of electrocution!
You are electrocuted!
Ouch! That really hurt!
You die...

..........# ......#####.....
.# ......'............
).....#####.......# ......#
#....#.# ......######.##.#.#
.............#lb#.# #
.............#..#@#.#......#
................@.....>....
.....)..............##...K
......######............[
####.....###.......###..#
##.##..##.#..........# #
#.###..#.#########..#
#####.####.#.........<..#
............#######.....# #
# ..........)...#
###.....#.#.#.


You could see Terence, a bat and a frilled lizard.

Vanquished Creatures
  Jessica (D:2)
  An adder (D:2)
  3 dart slugs
  2 ball pythons (D:1)
  An endoplasm (D:1)
  A giant cockroach (D:1)
  7 hobgoblins
  A quokka (D:1)
  7 bats
  4 frilled lizards
  7 goblins
  7 kobolds
  3 rats (D:1)
45 creatures vanquished.

Notes
Turn   | Place    | Note
-------+----------+-------------------------------------------
     0 | D:1      | qw the Tengu Warper began the quest for the Orb.
     0 | D:1      | Reached XP level 1. HP: 12/12 MP: 4/4
     0 | D:1      | 0 ||| qw: Version: 0.1-a-89-g26bdef1
     0 | D:1      | 0 ||| qw: Game counter: 3054
     0 | D:1      | 0 ||| qw: Always use a shield: true
     0 | D:1      | 0 ||| qw: God list: Okawaru
     0 | D:1      | 0 ||| qw: Allow faded altars: false
     0 | D:1      | 0 ||| qw: Do Orc after D:15 true
     0 | D:1      | 0 ||| qw: Do second Lair branch before Depths: true
     0 | D:1      | 0 ||| qw: Lair rune preference: random
     0 | D:1      | 0 ||| qw: Plans: Normal
     0 | D:1      | 0 ||| PLANNING D:1-11
    61 | D:1      | You fall into a shaft and drop 1 floor!
    65 | D:2      | 65 ||| READING scroll labelled RIDOVI OGOU.
    66 | D:2      | 66 ||| DROPPING scroll of blinking.
   163 | D:1      | 163 ||| Stepping ~*~*~tactically~*~*~ (hiding).
   265 | D:1      | 265 ||| Stepping ~*~*~tactically~*~*~ (hiding).
   272 | D:1      | Reached skill level 3 in Axes
   272 | D:1      | Reached XP level 2. HP: 12/17 MP: 6/6
   482 | D:1      | 482 ||| Stepping ~*~*~tactically~*~*~ (stealth).
   483 | D:1      | 483 ||| Stepping ~*~*~tactically~*~*~ (stealth).
   491 | D:1      | 491 ||| DROPPING +0 club.
   493 | D:1      | 493 ||| Stepping ~*~*~tactically~*~*~ (stealth).
   564 | D:1      | 564 ||| Stepping ~*~*~tactically~*~*~ (stealth).
   565 | D:1      | 565 ||| Stepping ~*~*~tactically~*~*~ (stealth).
   570 | D:1      | 570 ||| Stepping ~*~*~tactically~*~*~ (stealth).
   572 | D:1      | 572 ||| Stepping ~*~*~tactically~*~*~ (stealth).
   694 | D:1      | Reached XP level 3. HP: 21/21 MP: 7/7
  1034 | D:1      | Reached skill level 4 in Axes
  1165 | D:1      | 1165 ||| UPGRADING to ring of see invisible.
  1166 | D:1      | 1166 ||| READING scroll labelled LAUDUL PUZOEH.
  1167 | D:1      | 1167 ||| READING scroll labelled ZEDOTZ SUIS.
  1168 | D:1      | 1168 ||| READING scroll labelled JATOAX ZOLUL.
  1169 | D:1      | 1169 ||| DRINKING 2 dark potions.
  1532 | D:2      | Found a runed translucent door.
  1533 | D:2      | Noticed Crazy Yiuf
  1608 | D:2      | Reached XP level 4. HP: 24/26 MP: 8/8
  1669 | D:2      | Noticed Jessica
  1679 | D:2      | Killed Jessica
  1680 | D:2      | Reached skill level 5 in Axes
  1935 | D:2      | Noticed Terence
  1942 | D:2      | HP: 4/26 [Terence/+0 hand axe of electrocution (10)]
  1942 | D:2      | Mangled by Terence

Levels and vault maps discovered:
D:1:      roderic_dead_forest, layout_loops_ring, minmay_pentomino_o4
D:2:      layout_basic, serial_shops, shop_statue, uniq_terence, uniq_jessica,
          uniq_crazy_yiuf_cottage, uniq_robin

Skill      XL: |  1  2  3  4 |
---------------+-------------+-----
Axes           | 3 4 5 |  5.1
Fighting       | |  2.0
Throwing       | |  1.0
Armour         | |  1.1
Dodging        | |  2.1
Spellcasting   | |  2.0
Translocations | |  2.4

Action                   |  1- 3 |  4- 6 || total
-------------------------+-------+-------++-------
Melee: Hand axe          |    92 |    16 ||   108
       Kick              |    19 |     6 ||    25
       Peck              |    13 |     2 ||    15
Throw: Boomerang         |     7 |       ||     7
  Use: Scroll            |     4 |       ||     4
       Potion            |     1 |       ||     1
 Stab: Sleeping          |       |     1 ||     1
Armor: Leather armour    |    18 |     5 ||    23
Dodge: Dodged            |    51 |     8 ||    59

Table legend:
 A = Non-vault XP
 B = Vault XP
 C = Vault XP percentage of total XP
 D = Non-vault monster count
 E = Vault monster count
 F = Vault count percentage of total count
                 A         B        C        D         E       F
            +---------+---------+-------+---------+---------+-------
      Total |      88 |      41 |  31.8 |      41 |       4 |   8.9
            +---------+---------+-------+---------+---------+-------
        D:1 |      42 |       4 |   8.7 |      25 |       3 |  10.7
        D:2 |      46 |      37 |  44.6 |      16 |       1 |   5.9
            +---------+---------+-------+---------+---------+-------
